cohdb
Replays
Latest Replays
All Replays
Popular Replays
Top Player Replays
Match Explorer
How It Works
Community
CoH3 Stats
Reddit
Sign in to upload your games and track your stats! →
Sign in with Steam
Match 41286470
Unlisted
Match 41286470
Overview
Messages
Build Orders
End
Construct Barracks
Riflemen Squad
Riflemen Squad
Construct Weapon Support Center
Bazooka Squad
M1919 Machine Gun Team
Infantry Support Center
M3 Armored Personnel Carrier
Selects Advanced Infantry Battlegroup
Selects Convert to Ranger Squad
Bazooka Squad
Riflemen Squad
Selects Convert to Ranger Squad
Selects Frontline Medical Station
Convert to Ranger Squad
Selects Ammunition Storage
Engineer Squad
Frontline Medical Station
Selects M2A1 105mm Howitzer Emplacement
1⁄4-ton 4x4 Truck
Survival Training
Advanced Logistics
Convert to Ranger Squad
.30 cal Machine Gun
Munitions Surplus
Improved M9 Bazooka Rockets
Selects Infantry Assault
Infantry Assault
Convert to Ranger Squad
Infantry Assault
Ranger Squad
Infantry Assault
乌拉
Gear-IV-G
ForestJun
listen
水银灯
Skibidi Rizzler
罗德哈特
糕团团
0
0
Comments
sign in to comment!
No comments posted yet!